 Dungeon Crawl Stone Soup version 0.17-a0-1667-g4ca74a1 (webtiles) character file.

375 karlkraus the Shield-Bearer (level 6, -1/53 HPs)
             Began as a Minotaur Fighter on Aug 17, 2015.
             Slain by a giant frog (2 damage)
             ... in a sewer.
             The game lasted 00:06:06 (2131 turns).

karlkraus the Shield-Bearer (Minotaur Fighter)      Turns: 2131, Time: 00:06:06

Health: -1/53      AC:  7    Str: 21    XL:     6   Next: 44%
Magic:  5/5        EV:  9    Int:  5    God:
Gold:   127        SH: 10    Dex: 11    Spells: 0 memorised, 5 levels left

rFire  . . .     SeeInvis +     a - +0 flail
rCold  . . .     Clarity  .     b - +0 scale mail
rNeg   . . .     SustAt   .     c - +0 shield
rPois  .         Gourm    .     (helmet restricted)
rElec  .         Spirit   .     (no cloak)
rCorr  .         Warding  .     (no gloves)
rMut   .         Stasis   .     (no boots)
MR     .....                    (no amulet)
Stlth  ..........               (no ring)
                                k - ring of see invisible

@: not resistant to hostile enchantments, extremely unstealthy
A: retaliatory headbutt, horns 2
a: no special abilities


You were in a sewer.
You were not hungry.

You visited 1 branch of the dungeon, and saw 3 of its levels.
You also visited: Sewer.

You collected 127 gold pieces.

Inventory:

Hand weapons
 a - a +0 flail (weapon)
Armour
 b - a +0 scale mail (worn)
 c - a +0 shield (worn)
Jewellery
 d - an uncursed ring of invisibility {unknown}
 k - a ring of see invisible (left hand)
Scrolls
 g - a scroll of enchant weapon {unknown}
 h - a scroll of amnesia {unknown}
 l - 2 scrolls of identify {unknown}
 n - 2 scrolls of remove curse {unknown}
 o - a scroll of noise {unknown}
 p - a scroll of immolation {unknown}
 r - 2 scrolls of teleportation {unknown}
Potions
 i - a potion of curing
 j - 2 potions of agility {unknown}
 q - a potion of brilliance {unknown}
 s - a potion of poison {unknown}
Comestibles
 e - 3 bread rations
 f - a beef jerky
 m - a royal jelly


   Skills:
 + Level 4.7 Fighting
 + Level 4.4 Maces & Flails
 + Level 4.7 Armour
 + Level 2.8 Dodging
 + Level 0.3 Stealth
 + Level 5.6 Shields


You had 5 spell levels left.
You didn't know any spells.

Dungeon Overview and Level Annotations

Branches:
Dungeon (3/15)

Altars:


Innate Abilities, Weirdness & Mutations

You reflexively headbutt those who attack you in melee.
You have a pair of horns on your head.


Message History

You headbutt the giant frog. You hit the giant cockroach.
You kill the giant cockroach!
You block the giant frog's attack. x2
The giant frog hits you.
* * * LOW HITPOINT WARNING * * *
The giant frog hits you.
* * * LOW HITPOINT WARNING * * *
You thump the giant frog!
The giant frog is severely wounded.
The giant frog closely misses you. You furiously retaliate!
You headbutt the giant frog, but do no damage.
You block the giant frog's attack. The giant frog hits you.
* * * LOW HITPOINT WARNING * * *
You closely miss the giant frog.
The giant frog is severely wounded.
The giant frog hits you.
* * * LOW HITPOINT WARNING * * *
You block the giant frog's attack. The giant frog hits you.
You die...

##≈≈≈≈.####≈≈≈≈≈≈..#≈≈≈≈≈†.##
#≈.≈≈###≈≈≈†≈≈≈≈..≈##≈≈#≈≈≈≈##
≈≈..##≈.≈≈≈#######†≈#≈.##≈≈≈≈#
≈≈≈##≈≈†≈###≈≈≈..#≈≈##≈≈##.≈≈##
≈≈≈#≈≈†≈##≈≈≈≈≈≈≈...≈#≈≈≈#≈≈≈≈#
..##≈≈≈##≈≈.≈≈≈≈.†≈≈.#≈≈≈##≈.≈##
≈≈#≈≈≈≈# ≈≈≈≈≈≈≈?≈≈≈≈#≈≈≈≈#.≈≈.#
≈≈#≈≈≈≈# ≈≈≈≈..F.!.≈≈#.≈≈≈#≈≈†∩#
≈≈#≈≈≈.# ≈≈≈≈.$$@.≈≈≈#≈≈≈≈#≈≈≈.#
††##≈≈≈##≈≈≈≈≈≈F.≈≈≈##≈≈.##≈≈≈##
≈≈≈#≈≈≈≈##≈≈≈≈≈≈≈≈≈##..≈≈#†≈≈≈#
..÷##≈≈≈≈###≈≈≈≈≈###≈≈≈≈##.≈≈##
.≈≈≈##≈≈.≈≈#######≈≈..≈##≈≈≈.#
#.≈≈≈###.≈.†.≈.≈.†≈≈.###≈.≈≈##
##.≈≈≈.####†≈≈≈≈.≈####≈≈...##
##≈≈≈≈≈≈≈#########.†≈≈≈≈≈##
####≈≈≈≈≈≈≈≈≈≈≈≈≈≈≈≈≈####


You could see 2 giant frogs.

Vanquished Creatures
  The ghost of MacG the Skirmisher, an average MiFi (D:3)
  12 adders
  A river rat (D:3)
  11 oozes
  5 worms
  9 giant geckos
  7 bats
  13 giant cockroaches
  8 goblins
  3 hobgoblins
  8 kobolds
  12 ball pythons (Sewer)
  9 giant newts
  3 jackals (D:1)
  10 rats
112 creatures vanquished.

Notes
Turn   | Place    | Note
--------------------------------------------------------------
     0 | D:1      | karlkraus the Minotaur Fighter began the quest for the Orb.
     0 | D:1      | Reached XP level 1. HP: 19/19 MP: 0/0
    88 | D:1      | Reached XP level 2. HP: 25/27 MP: 1/1
   204 | D:1      | Reached skill level 4 in Fighting
   270 | D:1      | Reached XP level 3. HP: 24/33 MP: 2/2
   348 | D:1      | You fall through a shaft!
   547 | D:2      | Reached skill level 1 in Dodging
   547 | D:2      | Reached XP level 4. HP: 33/41 MP: 3/3
  1375 | D:3      | Noticed MacG's ghost (average MiFi)
  1384 | D:3      | Killed MacG's ghost
  1384 | D:3      | Reached skill level 5 in Shields
  1384 | D:3      | Reached XP level 5. HP: 21/47 MP: 4/4
  1705 | D:3      | Found a glowing drain.
  1716 | Sewer    | Entered a sewer
  1782 | Sewer    | Reached XP level 6. HP: 47/53 MP: 5/5
  2131 | Sewer    | HP: 1/53 [giant frog (4)]
  2131 | Sewer    | Slain by a giant frog

Vault maps used:
D:1:      ncdulo_lavacross
D:2:      hangedman_decor_slide_cut
D:3:      gup_sewer_entry_spiral, first_bread
Sewer:    sewer_frog_island_02

Action                   |  1- 3 |  4- 6 || total
-------------------------+-------+-------++-------
Melee: Flail             |    78 |   244 ||   322
  Use: Potion            |       |     2 ||     2
  Eat: Chunk             |       |     5 ||     5
